 Dungeon Crawl Stone Soup version 0.21-a0-265-gb353147 (webtiles) character file.

53 tidbits the Skirmisher (level 3, 9/33 HPs)
             Began as a Demigod Wanderer on Sept 10, 2017.
             Quit the game on level 2 of the Dungeon.
             The game lasted 00:10:21 (1176 turns).

tidbits the Skirmisher (Demigod Wanderer)           Turns: 1176, Time: 00:10:21

Health: 9/33       AC:  2    Str: 14    XL:     3   Next: 42%
Magic:  5/5        EV: 12    Int: 16    God:
Gold:   0          SH:  0    Dex: 18    Spells: 2/2 levels left

rFire    . . .     SeeInvis .   a - +2 dagger
rCold    . . .     Gourm    .   (no shield)
rNeg     . . .     Faith    .   e - +0 robe
rPois    .         Spirit   .   (no helmet)
rElec    .         Reflect  .   (no cloak)
rCorr    .         Harm     .   (no gloves)
MR       .....                  (no boots)
Stlth    ++........             (no amulet)
HPRegen  0.11/turn              (no ring)
MPRegen  0.09/turn              (no ring)

@: no status effects
A: high mp 1
a: no special abilities


You were on level 2 of the Dungeon.
You were not hungry.

You visited 1 branch of the dungeon, and saw 3 of its levels.

Inventory:

Hand Weapons
 a - a +2 dagger (weapon)
 d - a +0 falchion
Missiles
 g - 26 arrows
 i - a stone (quivered)
Armour
 e - a +0 robe (worn)
Scrolls
 c - a scroll of immolation {unknown}
 h - a scroll of remove curse {unknown}
 j - a scroll of identify
Potions
 l - a potion of cancellation
Comestibles
 b - 2 meat rations
 f - 2 bread rations
 k - 3 fruits
 m - 2 chunks of flesh


   Skills:
 + Level 3.6 Fighting
 - Level 1.7 Long Blades
 - Level 1.0 Dodging
 - Level 2.6 Stealth
   Level 1.0 Shields
 - Level 1.0 Unarmed Combat


You had 2 spell levels left.
You didn't know any spells.

Dungeon Overview and Level Annotations

Branches:
Dungeon (3/15)


Innate Abilities, Weirdness & Mutations

You have an increased reservoir of magic. (+10% MP)


Message History

The adder skeleton is lightly damaged.
The adder skeleton closely misses you.
You hit the adder skeleton.
The adder skeleton is heavily damaged.
The adder skeleton bites you.
You hit the adder skeleton.
The adder skeleton is heavily damaged.
The adder skeleton bites you.
You hit the adder skeleton.
The adder skeleton is severely damaged.
The adder skeleton bites you but does no damage.
You barely miss the adder skeleton.
The adder skeleton is severely damaged.
The adder skeleton misses you.
You barely miss the adder skeleton.
The adder skeleton is severely damaged.
The adder skeleton bites you.
You hit the adder skeleton.
The adder skeleton is almost destroyed.
The adder skeleton closely misses you.
You hit the adder skeleton.
You destroy the adder skeleton!
b - 2 meat rations (gained 1)
There are no items here.
You open the door.
There is an open door here.
You open the door.
There is an open door here.
There is a stone staircase leading down here.
As you read the scroll labeled ZANU CYGELA, it crumbles to dust.
It is a scroll of identify.
l - a potion of cancellation You climb downwards.
A hobgoblin and 2 orcs come into view.
The hobgoblin shouts!
The orc hits you with a short sword. The kobold closely misses you.
There is a stone staircase leading up here.
The orc shouts! x2
You hit the orc.
The orc is moderately wounded.
The orc hits you with a short sword. The kobold hits you but does no damage.
An orc comes into view.
The orc hits you with a short sword.
* * * LOW HITPOINT WARNING * * *
The kobold hits you but does no damage.
You climb upwards.
There is a stone staircase leading down here.
The kobold hits you with a short sword.
* * * LOW HITPOINT WARNING * * *
You hit the orc.
You kill the orc!
You hit the kobold but do no damage. The kobold hits you with a short sword.
* * * LOW HITPOINT WARNING * * *
You hit the kobold.
The kobold is severely wounded.
The kobold closely misses you.
You closely miss the kobold.
The kobold is severely wounded.
The kobold hits you with a short sword.
* * * LOW HITPOINT WARNING * * *
You barely miss the kobold.
The kobold is severely wounded.
The kobold hits you but does no damage.
You hit the kobold.
You kill the kobold!
Wield which item (- for none, * to show all)? (? for menu, Esc to quit)
f - 2 bread rations (in hand)
You swing at nothing.
You swing at nothing.
You swing at nothing.
You swing at nothing.
You swing at nothing.
You swing at nothing.
You swing at nothing.
You swing at nothing.
You swing at nothing.
You swing at nothing.
You swing at nothing.
You swing at nothing.
You swing at nothing.
You swing at nothing.
You swing at nothing.
You swing at nothing.
You swing at nothing.
You swing at nothing.
You swing at nothing.
You swing at nothing.
You are feeling very hungry.
Things that are here:
a short sword x2; an orc corpse
Okay, then.
You butcher the orc corpse.
m - 3 chunks of flesh
Things that are here:
a short sword x2
Eat one of 3 chunks of flesh? (ye/n/q)
You eat one of the 3 chunks of flesh.
This raw flesh tastes terrible.
Wield which item (- for none, * to show all)? (? for menu, Esc to quit)
a - a +2 dagger (weapon)
Are you sure you want to abandon this character and quit the game? (Confirm with "yes".)

#....#.#.#+#'###
##...#.#.......#
###...#)#.......#
#.....<.#.......#
#.....###.......#
#...............#
#########............#
#....................#
#.........@..........#
#..............#######
#..............#
#............###
#..........).#
#............#
#............##
###########...#
#....>##


There were no monsters in sight!

Vanquished Creatures
  2 adders (D:2)
  An adder skeleton (D:2)
  2 leopard geckos (D:1)
  An orc (D:2)
  3 bats
  2 giant cockroaches (D:2)
  3 goblins (D:1)
  3 hobgoblins
  A jackal (D:2)
  5 kobolds
  2 quokkas (D:2)
  2 ball pythons (D:2)
  A rat (D:2)
28 creatures vanquished.

Notes
Turn   | Place    | Note
-------+----------+-------------------------------------------
     0 | D:1      | tidbits the Demigod Wanderer began the quest for the Orb.
     0 | D:1      | tidbits set off with: a +2 dagger, a potion of berserk rage, a potion of lignification, a +0 falchion, a +0 robe, a bread ration
     0 | D:1      | Reached XP level 1. HP: 17/17 MP: 3/3
    66 | D:1      | Reached skill level 2 in Fighting
   406 | D:2      | Reached XP level 2. HP: 13/25 MP: 4/4
   427 | D:1      | HP: 3/37 [poisoned by an adder]
   568 | D:1      | Reached skill level 3 in Fighting
   719 | D:2      | HP: 2/26 [jackal (1)]
   918 | D:2      | Reached XP level 3. HP: 16/31 MP: 5/5
  1133 | D:2      | HP: 3/31 [kobold/short sword (4)]
  1176 | D:2      | Quit the game

Vault maps used:
D:1:      scummos_arrival_gate
D:2:      first_bread
D:3:      kennysheep_jessica_study

Skill      XL: |  1  2 |
---------------+-------+-----
Fighting       | 2 3 |  3.6
Long Blades    | |  1.7
Dodging        | |  1.0
Stealth        | |  2.6
Shields        | |  1.0
Unarmed Combat | |  1.0

Action                   || total
-------------------------++-------
Melee: Dagger            ||   115
  Use: Potion            ||     2
       Scroll            ||     1
 Stab: Sleeping          ||     2
  Eat: Chunk             ||     3
Armor: Robe              ||    13
Dodge: Dodged            ||    69

Table legend:
 A = Spawn XP
 B = Non-spawn XP
 C = Spawn XP percentage of total XP
 D = Spawn monster count
 E = Non-spawn monster count
 F = Spawn count percentage of total count
 G = Total turns spent on level
                    A         B        C        D         E        F      G
               +---------+---------+-------+---------+---------+-------+---------
         Total |       0 |      77 |   0.0 |       0 |      28 |   0.0 |  1176
               +---------+---------+-------+---------+---------+-------+---------
           D:1 |       0 |      23 |   0.0 |       0 |      12 |   0.0 |   693
           D:2 |       0 |      54 |   0.0 |       0 |      16 |   0.0 |   478
               +---------+---------+-------+---------+---------+-------+---------

Table legend:
 A = Turns spent in this place as a percentage of turns spent in the entire game.
 B = Non-inter-level travel turns spent in this place as a percentage of non-inter-level travel turns spent in the entire game.
 C = Inter-level travel turns spent in this place as a percentage of turns spent in this place.
 D = Turns resting spent in this place as a percentage of non-inter-level travel turns spent in this place.
 E = Turns spent auto-exploring this place as a percentage of non-inter-level travel turns spent in this place.
 F = Non-inter-level travel turns spent in this place divided by the number of levels of this place that you've seen.
                   A       B       C       D       E      F
               +-------+-------+-------+-------+-------+----------------------
         Total | 100.0 | 100.0 |   4.8 |   1.1 |   0.0 | 373.0
       Dungeon | 100.0 | 100.0 |   4.8 |   1.1 |   0.0 | 373.0
               +-------+-------+-------+-------+-------+----------------------

Table legend:
 A = Kills in this place as a percentage of kills in entire the game.
 B = Kills by you in this place as a percentage of kills by you in the entire game.
 C = Kills by friends in this place as a percentage of kills by friends in the entire game.
 D = Other kills in this place as a percentage of other kills in the entire game.
 E = Experience gained in this place as a percentage of experience gained in the entire game.
 F = Experience gained in this place divided by the number of levels of this place that you have seen.
                   A       B       C       D       E      F
               +-------+-------+-------+-------+-------+----------------------
         Total | 100.0 | 100.0 |   N/A |   N/A | 100.0 |  25.7
       Dungeon | 100.0 | 100.0 |   N/A |   N/A | 100.0 |  25.7
               +-------+-------+-------+-------+-------+----------------------

Vault maps used:
D:1:      scummos_arrival_gate
D:2:      first_bread
D:3:      kennysheep_jessica_study
